Map: Blackpink РВ

Players

Lambo

  • Race: Zerg Zerg
  • Spawn Location: 7:00

bly - Winner!

  • Race: Zerg Zerg
  • Spawn Location: 1:00

Event: WESG 2017 Haikou

VOD

Have the link to the VOD?

Description

Time

  • Played on: March 16, 2018, 12:41 a.m.
  • Length: 11:23

All games in this series

Show
View Real Time Build Order
Export as new Build Order

Lambo Zerg 

Build Orders: Hatch First 

Get SALT Encoding   

  12  0:01  Drone  
  13  0:12  Overlord  
  13  0:17  Drone  
  14  0:31  Drone x2  
  16  0:48  Hatchery  
  15  0:51  Drone  
  15  0:54  Drone  
  17  1:08  Spawning Pool  
  17  1:11  Drone  
  17  1:13  Extractor  
  17  1:16  Drone  
  17  1:22  Drone  
  18  1:29  Drone  
  19  1:40  Drone  
  20  1:51  Overlord  
  20  1:54  Queen  
  20  2:00  Zergling x2, Queen  
  25  2:01  Drone  
  26  2:11  Drone  
  26  2:12  Metabolic Boost  
  26  2:15  Drone  
  28  2:23  Drone x2  
  30  2:35  Drone  
  31  2:37  Hatchery  
  31  2:41  Drone  
  31  2:45  Overlord  
  31  2:49  Drone  
  31  3:00  Zergling x2  
  31  3:01  Zergling x2  
  31  3:03  Zergling x4  
  35  3:05  Drone  
  35  3:06  Drone  
  35  3:09  Drone x2  
  35  3:10  Drone  
  35  3:11  Evolution Chamber  
  35  3:12  Drone  
  40  3:17  Overlord  
  40  3:20  Drone  
  41  3:28  Queen  
  41  3:29  Drone  
  44  3:34  Extractor  
  44  3:36  Drone x2  
  44  3:37  Drone  
  44  3:38  Zerg Missile Weapons Level 1  
  44  3:39  Drone  
  47  3:42  Drone x2  
  47  3:45  Drone  
  50  3:49  Overlord  
  50  3:57  Roach Warren, Zergling x4  
  50  4:00  Zergling x4  
  52  4:03  Zergling x2  
  52  4:06  Zergling x4  
  52  4:07  Zergling x2  
  56  4:10  Zergling x4  
  56  4:12  Zergling x2  
  56  4:16  Zergling x4  
  61  4:18  Zergling x2  
  61  4:21  Zergling x2  
  54  4:26  Drone  
  53  4:32  Drone  
  53  4:35  Drone  
  55  4:41  Drone x3  
  58  4:45  Lair  
  58  4:48  Drone  
  58  4:50  Drone x2  
  61  4:53  Drone  
  61  4:56  Drone, Extractor  
  61  4:59  Drone  
  62  5:02  Drone x2  
  62  5:05  Overlord  
  64  5:12  Overlord  
  64  5:20  Overlord  
  64  5:25  Roach x4  
  72  5:29  Overlord  
  72  5:30  Overlord  
  72  5:34  Overlord  
  72  5:39  Roach x5  
  82  5:44  Roach  
  82  5:45  Roach  
  82  5:46  Glial Reconstitution  
  86  5:54  Zerg Missile Weapons Level 2  
  89  5:57  Roach x2  
  90  6:04  Drone x4  
  90  6:06  Roach x2  
  90  6:08  Drone  
  98  6:20  Drone x3  
  98  6:21  Drone  
  98  6:22  Drone x2  
  103  6:26  Hydralisk Den  
  103  6:27  Drone x3  
  103  6:30  Roach x3  
  103  6:31  Roach  
  113  6:33  Spore Crawler  
  113  6:35  Spore Crawler  
  113  6:38  Extractor, Spore Crawler  
  109  6:40  Drone x2  
  109  6:41  Drone  
  109  6:42  Drone  
  109  6:44  Overlord  
  113  6:47  Overlord  
  113  6:55  Grooved Spines  
  113  6:57  Overlord  
  111  7:06  Roach x5  
  121  7:10  Roach x3, Spore Crawler  
  123  7:17  Hydralisk x2  
  123  7:18  Hydralisk  
  127  7:23  Spore Crawler  
  127  7:25  Drone x2  
  127  7:27  Drone  
  127  7:28  Hydralisk x2  
  129  7:32  Drone x4  
  129  7:33  Drone  
  129  7:35  Overseer  
  134  7:38  Drone x3  
  134  7:42  Extractor  
  134  7:43  Hydralisk  
  138  7:44  Extractor  
  138  7:49  Overlord  
  137  7:52  Overlord  
  137  7:53  Overlord  
  137  7:55  Overlord  
  137  7:56  Ravager  
  138  8:00  Overlord  
  138  8:02  Overlord  
  138  8:04  Overlord  
  138  8:06  Overlord  
  138  8:14  Roach x5  
  138  8:15  Roach x2  
  138  8:16  Ravager x2  
  154  8:20  Roach x2  
  154  8:21  Ravager  
  159  8:29  Roach x4  
  167  8:35  Overlord  
  167  8:42  Muscular Augments  
  167  8:45  Roach x5  
  177  8:49  Overseer  
  177  8:50  Roach  
  177  8:51  Roach  
  177  8:54  Roach x2  
  177  8:55  Roach  
  187  8:59  Roach x2  
  187  9:00  Roach  
  193  9:03  Overlord  
  193  9:10  Overseer  
  193  9:12  Overlord  
  193  9:16  Zerg Ground Armor Level 1  
  193  9:17  Overlord  
  193  9:20  Overlord  
  193  9:22  Hydralisk x3  
  199  9:29  Ravager  
  199  9:30  Hatchery  
  199  10:03  Hydralisk  
  199  10:05  Lurker Den  
  198  10:20  Roach x9  
  199  10:25  Roach x3  
  199  10:27  Roach  
  199  10:28  Roach x9  
  199  10:38  Extractor  
  199  10:41  Extractor  
  197  10:50  Unknown x3  
  197  10:52  Spine Crawler  
  196  11:00  Roach x3  
  196  11:03  Roach  
Show
View Real Time Build Order
Export as new Build Order

bly Zerg - Winner!

Build Orders: Hatch First 

Get SALT Encoding   

  12  0:01  Drone  
  13  0:12  Overlord  
  13  0:17  Drone  
  14  0:31  Drone x2  
  16  0:36  Drone  
  17  0:53  Hatchery  
  16  0:57  Drone  
  16  0:59  Drone  
  16  1:02  Extractor  
  17  1:13  Spawning Pool  
  17  1:15  Drone  
  17  1:19  Drone  
  18  1:28  Drone  
  19  1:41  Overlord  
  19  1:52  Drone  
  20  1:59  Queen  
  20  2:00  Drone  
  23  2:04  Queen  
  23  2:05  Drone  
  26  2:11  Drone  
  27  2:16  Drone  
  27  2:22  Drone  
  29  2:24  Metabolic Boost  
  29  2:28  Drone  
  30  2:33  Zergling x2  
  31  2:38  Overlord  
  31  2:42  Queen  
  33  2:50  Roach Warren  
  32  3:03  Zergling x8  
  36  3:07  Evolution Chamber, Zergling x8  
  36  3:12  Overlord  
  39  3:18  Zergling x4  
  39  3:19  Zergling x4  
  43  3:27  Evolution Chamber  
  43  3:32  Drone x2  
  44  3:34  Zerg Missile Weapons Level 1  
  44  3:38  Lair  
  44  3:42  Extractor  
  43  3:58  Drone x4  
  43  3:59  Drone x3  
  43  4:02  Drone  
  51  4:03  Drone  
  39  4:33  Drone x8  
  39  4:35  Extractor  
  39  4:37  Glial Reconstitution  
  46  4:49  Overlord  
  46  4:51  Roach x3  
  52  4:59  Overlord  
  52  5:05  Overlord x2  
  52  5:08  Roach x4  
  60  5:17  Roach  
  60  5:18  Roach x2  
  66  5:23  Roach  
  68  5:29  Drone  
  68  5:30  Zerg Missile Weapons Level 2  
  68  5:33  Drone x3  
  72  5:39  Hatchery  
  72  5:40  Drone  
  72  5:41  Drone x3  
  75  5:47  Drone x2  
  77  5:51  Extractor  
  76  6:00  Drone x2  
  76  6:03  Spire  
  77  6:04  Drone  
  77  6:05  Drone x2  
  77  6:08  Roach  
  77  6:09  Roach  
  84  6:23  Overlord x4  
  84  6:33  Tunneling Claws  
  84  6:40  Overlord  
  84  6:43  Roach  
  84  6:44  Roach x6  
  98  6:51  Queen  
  100  7:02  Drone x3  
  100  7:03  Drone x2  
  105  7:22  Drone x3  
  106  7:23  Drone x3  
  106  7:27  Extractor  
  106  7:29  Extractor  
  107  7:34  Zerg Melee Weapons Level 1  
  107  7:35  Baneling Nest  
  106  7:38  Roach x6  
  106  7:39  Hatchery  
  117  7:46  Zerg Ground Armor Level 1  
  117  7:49  Drone x3  
  120  7:54  Overlord  
  120  7:55  Overlord  
  120  7:56  Roach  
  122  8:07  Roach x4  
  122  8:09  Overlord x2  
  130  8:17  Drone  
  130  8:18  Drone x5  
  136  8:20  Centrifical Hooks  
  138  8:27  Roach x4  
  144  8:34  Overseer  
  144  8:39  Zergling x6  
  144  8:40  Unknown  
  147  8:48  Roach x7  
  151  8:52  Overlord  
  161  8:56  Overlord  
  161  9:01  Unknown  
  161  9:07  Zergling x2  
  161  9:08  Zergling x6  
  161  9:09  Overlord x4  
  165  9:10  Overlord  
  165  9:13  Roach  
  167  9:22  Roach x7  
  167  9:23  Roach  
  183  9:24  Overlord  
  183  9:25  Baneling x4  
  183  9:26  Baneling x2  
  183  9:34  Baneling x8  
  183  9:37  Zergling x8  
  187  9:41  Zergling x4  
  189  9:48  Overlord  
  189  9:49  Zergling x2  
  189  9:50  Zergling x16  
  189  9:51  Overseer  
  198  10:00  Baneling x3  
  198  10:01  Baneling x7  
  198  10:05  Overlord x2  
  198  10:12  Baneling x10  
  193  10:22  Baneling x5  
  174  10:29  Zergling x4  
  174  10:30  Zergling x30  
  189  10:41  Roach x5  
  198  10:51  Baneling x8, Unknown x2  
  198  10:52  Baneling x14  
Tags
 
Add a new tag
Caveats
  • Supply blocks, unpowered buildings, or Contaminate may cause inaccurate times.
  • Supply counts are checked every 10 seconds.